 Dungeon Sprint DCSS version 0.28-a0-1087-gf3fc490d9d (webtiles) character file.

Game seed: 17554030627190098463

653 rocky1 the Thaumaturge (level 7, -9/36 HPs)
             Began as a Deep Elf Conjurer on Dec 11, 2021.
             Was a High Priest of Sif Muna.
             Mangled by an ice devil (16 damage)
             ... in the Dungeon (Sprint VII: "The Pits").
             The game lasted 00:06:06 (782 turns).

rocky1 the Thaumaturge (Deep Elf Conjurer)           Turns: 782, Time: 00:06:06

Health: -9/36      AC:  2    Str:  4    XL:     7   Next: 29%
Magic:  20/24      EV: 12    Int: 25    God:    Sif Muna [*****.]
Gold:   0          SH:  0    Dex: 13    Spells: 16/30 levels left

rFire   . . .      SeeInvis .   m - +1 quarterstaff (speed)
rCold   . . .      Faith    .   (shield currently unavailable)
rNeg    . . .      Spirit   .   h - +0 robe
rPois   .          Reflect  .   (no helmet)
rElec   .          Harm     .   (no cloak)
rCorr   .          Rampage  .   (no gloves)
Will    .....      NoTele   +   (no boots)
Stlth   ++........              (no amulet)
HPRegen 0.12/turn               (no ring)
MPRegen 0.19/turn               (no ring)

@: no status effects
A: no striking features
a: Renounce Religion, Channel Magic, Forget Spell, Divine Exegesis


You were in the Dungeon.
You worshipped Sif Muna.
Sif Muna was extremely pleased with you.
You visited 1 branch

Inventory:

Hand Weapons
 a - a +0 dagger of holy wrath
 b - a +2 dagger
 m - a +1 quarterstaff of speed (weapon)
Armour
 h - a +0 robe (worn)
Wands
 n - a wand of polymorph (4)
Scrolls
 g - a scroll of blinking
 j - 5 scrolls of amnesia
 k - a scroll of summoning
Potions
 c - 6 potions of heal wounds
 d - a potion of haste
 e - 4 potions of magic
 f - 3 potions of berserk rage
 i - 2 potions of invisibility
 l - 6 potions of curing


   Skills:
 - Level 2.4 Dodging
 - Level 2.4 Stealth
 - Level 12.2 Spellcasting
 * Level 11.0 Conjurations
 - Level 6.8 Hexes
 - Level 5.6 Translocations
 + Level 5.6 Invocations


You had 16 spell levels left.
You knew the following spells:

 Your Spells              Type           Power      Damage    Failure   Level
a - Magic Dart            Conj           100%       1d8       1%          1
b - Searing Ray           Conj           100%       2d8       1%          2
c - Dazzling Flash        Conj/Hex       100%       N/A       1%          3
d - Fulminant Prism       Conj/Hex       28%        3d14      1%          4
e - Iskenderun's Mystic   Conj/Tloc      54%        2d12      1%          4

Your spell library contained the following spells:

 Spells                   Type           Power      Damage    Failure   Level
 Conjure Flame            Conj/Fire      42%        6-21      1%          3
 Call Imp                 Summ           15%        N/A       6%          2
 Starburst                Conj/Fire      21%        6d7       54%         6
 Spellforged Servitor     Conj/Summ      21%        N/A       98%         7
 Malign Gateway           Summ/Tloc      14%        N/A       100%        7


Dungeon Overview and Level Annotations

Branches:
Dungeon (1/1)

Altars:
Ashenzari
Cheibriados
Dithmenos
Elyvilon
Fedhas
Gozag
Hepliaklqana
Kikubaaqudgha
Makhleb
Nemelex Xobeh
Okawaru
Qazlal
Ru
Sif Muna
Trog
Uskayaw
Vehumet
Wu Jian
Xom
Yredelemnul
Zin
The Shining One
Beogh
Jiyva
Lugonu


Message History

You see here a scorpion corpse.
You see here a +0 dagger.
You start resting.
Magic restored.
You start resting.
HP restored.
Unknown command.
Unknown command.
Unknown command.
Unknown command.
Unknown command.
Unknown command.
You see here a +0 dagger.
There is an open door here.
You open the door.
A komodo dragon, a goblin and an ice devil come into view.
Unknown command.
There is an open door here.
Casting: Searing Ray (safe; 1% risk of failure)
Confirm with . or Enter, or press ? or * to list all spells.
Aiming: Searing Ray (safe; 1% risk of failure)
Press: ? - help, Shift-Dir - straight line, f - ice devil
Aim: an ice devil (83% to hit)
The searing ray hits the ice devil.
The ice devil is lightly wounded. (Press . to maintain the ray.)
The ice devil closely misses you.
Aiming: Magic Dart (safe; 1% risk of failure)
Press: ? - help, Q - select action, (/) - cycle Shift-Dir - straight line, f/p - ice devil
Aim: an ice devil (lightly wounded, 100% to hit)
Okay, then.
The searing ray hits the ice devil but does no damage.
The ice devil is lightly wounded.
The ice devil hits you. The ice devil freezes you!
The searing ray hits the ice devil.
The ice devil is moderately wounded.
The ice devil hits you!
* * * LOW HITPOINT WARNING * * *
The ice devil freezes you!
You die...

#.#..'...#.##.......#
#.#..†...'.##.......#
#.#..########...<...#
#.#..'[))).##.......#
#.#..#[))).##.......#
#'###########.......#
#.....)†#).##########
#..#)#..#.## ###
#.##[##.#@# .g.#
#.......#4#....#
#.##.##.#.'...l+
#..#.#..#'#....#
#.......'.#....#
########### ####


You could see an ice devil.

Vanquished Creatures
  Grinder (D)
  2 floating eyes (D)
  A bullfrog (D)
  2 scorpions (D)
  An orc priest (D)
  An orc wizard (D)
  A mummy (D)
  An orc (D)
  A bat skeleton (D)
  2 endoplasms (D)
  A giant cockroach (D)
  A hobgoblin (D)
  A kobold (D)
  A ball python skeleton (D)
  A ball python zombie (D)
  3 bats (D)
  A frilled lizard (D)
  A rat (D)
23 creatures vanquished.

Notes
Turn   | Place    | Note
-------+----------+-------------------------------------------
     0 | D        | rocky1 the Deep Elf Conjurer began the quest for the Orb.
     0 | D        | Reached XP level 1. HP: 10/10 MP: 6/6
    18 | D        | Found a bloodstained altar of Trog.
    18 | D        | Found a shimmering blue altar of Sif Muna.
    18 | D        | Found a viscous altar of Jiyva.
    18 | D        | Found a hazy altar of Hepliaklqana.
    18 | D        | Found an opulent altar of Gozag.
    19 | D        | Found a glowing golden altar of the Shining One.
    19 | D        | Found a glowing silver altar of Zin.
    19 | D        | Found a basalt altar of Yredelemnul.
    19 | D        | Found a shimmering altar of Xom.
    19 | D        | Found an ornate altar of the Wu Jian Council.
    19 | D        | Found a sacrificial altar of Ru.
    19 | D        | Found a stormy altar of Qazlal.
    19 | D        | Found an iron altar of Okawaru.
    19 | D        | Found a sparkling altar of Nemelex Xobeh.
    19 | D        | Found a burning altar of Makhleb.
    19 | D        | Found a blossoming altar of Fedhas.
    19 | D        | Found a white marble altar of Elyvilon.
    19 | D        | Found a shadowy altar of Dithmenos.
    19 | D        | Found a snail-covered altar of Cheibriados.
    22 | D        | Found a corrupted altar of Lugonu.
    22 | D        | Found a radiant altar of Vehumet.
    23 | D        | Found an ancient bone altar of Kikubaaqudgha.
    23 | D        | Found a hide-covered altar of Uskayaw.
    23 | D        | Found a broken altar of Ashenzari.
    24 | D        | Became a worshipper of Sif Muna the Loreminder
    59 | D        | Noticed a scorpion
    66 | D        | Killed a scorpion
    67 | D        | Reached skill level 7 in Spellcasting
    67 | D        | Reached XP level 2. HP: 15/15 MP: 2/12
    67 | D        | Reached XP level 3. HP: 19/19 MP: 2/13
   157 | D        | Learned a level 2 spell: Searing Ray
   166 | D        | Learned a level 3 spell: Dazzling Flash
   183 | D        | Noticed a floating eye
   187 | D        | Killed a floating eye
   187 | D        | Reached * piety under Sif Muna
   188 | D        | Reached skill level 10 in Spellcasting
   188 | D        | Reached XP level 4. HP: 24/24 MP: 13/18
   188 | D        | Reached XP level 5. HP: 28/28 MP: 13/19
   194 | D        | Learned a level 4 spell: Fulminant Prism
   199 | D        | Learned a level 4 spell: Iskenderun's Mystic Blast
   203 | D        | Noticed a floating eye
   206 | D        | Paralysed by a floating eye for 2 turns
   210 | D        | Paralysed by a floating eye for 2 turns
   217 | D        | Killed a floating eye
   219 | D        | Reached ** piety under Sif Muna
   270 | D        | Reached skill level 11 in Spellcasting
   270 | D        | Reached skill level 10 in Conjurations
   270 | D        | Reached XP level 6. HP: 22/32 MP: 14/22
   394 | D        | Reached *** piety under Sif Muna
   442 | D        | Reached **** piety under Sif Muna
   446 | D        | Reached skill level 5 in Hexes
   544 | D        | Noticed Grinder
   546 | D        | Reached ***** piety under Sif Muna
   546 | D        | Received a gift from Sif Muna
   549 | D        | Paralysed by Grinder for 7 turns
   556 | D        | Killed Grinder
   557 | D        | Reached skill level 12 in Spellcasting
   557 | D        | Reached skill level 5 in Translocations
   557 | D        | Reached skill level 5 in Invocations
   557 | D        | Reached XP level 7. HP: 10/36 MP: 15/24
   560 | D        | Got Hudeh's Guide on Calling and Fire {god gift}
   777 | D        | Noticed a komodo dragon
   777 | D        | Noticed an ice devil
   782 | D        | Mangled by an ice devil

Illustrated notes

Levels and vault maps discovered:
D:        pitsprint [storerooms_1, entrance_room_1, metal_vault_3, armoury_2,
          mini_pit_1, grid_room_1, main_hall_1, silver_pit, the_coven_1,
          the_vestibule_1, steel_vault_5, golden_pit, hallway_of_sentries,
          crystal_vault_6, iron_vault_4, final_vault]

Skill      XL: |  1  2  3  4  5  6 |
---------------+-------------------+-----
Spellcasting   | 7 10 11 12 | 12.2
Conjurations   | 7 9 10 11 | 11.0
Hexes          | 4 6 |  6.8
Translocations | 3 5 |  5.6
Invocations    | 3 5 |  5.6
Dodging        | |  2.4
Stealth        | |  2.4

Action                   |  1- 3 |  4- 6 |  7- 9 || total
-------------------------+-------+-------+-------++-------
Melee: Quarterstaff      |     3 |    11 |       ||    14
 Cast: Magic Dart        |     7 |    19 |       ||    26
       Searing Ray       |       |     7 |     1 ||     8
Armor: Robe              |     4 |     3 |       ||     7
Dodge: Dodged            |     5 |    11 |     1 ||    17

Table legend: (Time is in decaauts)
 A = Elapsed time spent in this place.
 B = Non-inter-level travel time spent in this place.
 C = Inter-level travel time spent in this place.
 D = Time resting spent in this place.
 E = Time spent auto-exploring this place.
 F = Levels seen in this place.
 G = Mean time per level.
                   A        B        C        D        E       F      G
               +--------+--------+--------+--------+--------+-----+--------+
         Total |    782 |    782 |      0 |    465 |      0 |   1 |  782.0 |
       Dungeon |    782 |    782 |      0 |    465 |      0 |   1 |  782.0 |
               +--------+--------+--------+--------+--------+-----+--------+

Top non-repeatable levels by time:
       D: 782 daAuts
